AoeStats
← EvenEdge

Arena

510428393Analyzed
4v4 RM · 1d ago on Oct 1, 2026· 77m 52s· 8 players
Game mode
Random Map
Map size
Large (8 player)
Population
200
Speed
Normal
Resources
Standard
Victory
Conquest
Starting age
Dark Age
Ending age
Imperial Age
RankedLock teamsTeams togetherTeam positionsShared explorationLock speedFull tech treeHidden civsTurbo modeCheats
Victory
Defeat
🇨🇴 Hindustanis · Colombia
1183
+12
🇺🇸 Khmer · United States
1064
+17
🇨🇱 Franks · Chile
1015
+19
🇨🇴 Cumans · Colombia
924
+24
🇺🇸 Vikings · United States
1113
-19
🇫🇷 Teutons · France
1112
-19
🇦🇷 Burgundians · Argentina
1098
-18
🇨🇱 Persians · Chile
1045
-16
Tio Nacho
11:32 Feudal Age
9:56 Double-Bit Axe
16:06 Castle Age
14:38 Bow Saw
16:27 Wheelbarrow
15:43 Town Watch
15:54 Horse Collar
19:38 Gold Mining
25:05 Fortified Wall
24:52 Loom
25:53 Heavy Plow
26:38 Hand Cart
26:23 Town Patrol
29:32 Imperial Age
31:21 Chemistry
30:03 Treadmill Crane
30:39 Fletching
30:49 Padded Archer Armor
31:05 Scale Barding Armor
31:10 Forging
33:13 Conscription
33:27 Burgundian Vineyards
33:58 Hoardings
34:44 Chain Barding Armor
34:59 Iron Casting
35:50 Crop Rotation
36:23 Two-Man Saw
35:41 Masonry
35:53 Bombard Tower
40:35 Stone Mining
41:20 Gold Shaft Mining
45:35 Stone Shaft Mining
50:33 Plate Barding Armor
50:59 Blast Furnace
50:41 Scale Mail Armor
51:42 Pikeman
52:25 Squires
53:10 Halberdier
54:14 Chain Mail Armor
64:37 Plate Mail Armor
63:50 Elite Skirmisher
64:29 Fletching
64:40 Padded Archer Armor
71:28 Bodkin Arrow
71:48 Leather Archer Armor
71:54 Light Cavalry
77:11 Hussar
77:52 Husbandry
Mirshal
4:26 Loom
11:15 Feudal Age
12:32 Double-Bit Axe
13:29 Horse Collar
17:06 Castle Age
15:10 Gold Mining
16:42 Forging
19:04 Bow Saw
18:56 Heavy Plow
20:04 Wheelbarrow
22:25 Hand Cart
25:35 Stone Mining
26:16 Scale Mail Armor
26:30 Pikeman
27:11 Squires
27:01 Arson
29:26 Chain Mail Armor
29:47 Iron Casting
34:02 Imperial Age
34:08 Fletching
34:10 Elite Teutonic Knight
36:01 Blast Furnace
35:32 Plate Mail Armor
34:28 Halberdier
35:21 Bodkin Arrow
36:51 Scale Barding Armor
40:22 Chain Barding Armor
44:40 Plate Barding Armor
45:13 Bloodlines
44:24 Cavalier
45:52 Paladin
61:33 Two-Man Saw
61:05 Crop Rotation
61:26 Padded Archer Armor
62:45 Leather Archer Armor
62:55 Elite Skirmisher
65:57 Ring Archer Armor
72:36 Chemistry
72:46 Ballistics
DaffyString6851
10:44 Feudal Age
12:02 Loom
14:45 Castle Age
12:43 Double-Bit Axe
12:40 Horse Collar
15:52 Bow Saw
16:05 Heavy Plow
29:17 Stone Mining
29:24 Gold Mining
33:04 Fortified Wall
35:30 Imperial Age
33:29 Fortified Wall
34:17 Scale Mail Armor
34:28 Forging
34:38 Chieftains
48:19 Chain Mail Armor
48:40 Iron Casting
51:11 Plate Mail Armor
53:42 Conscription
57:14 Scale Barding Armor
58:30 Blast Furnace
57:43 Light Cavalry
59:37 Chain Barding Armor
76:01 Caravan
76:52 Town Watch
TVHG.hadess
11:07 Feudal Age
15:27 Castle Age
13:21 Double-Bit Axe
14:36 Horse Collar
17:46 Scale Barding Armor
18:39 Bloodlines
19:11 Forging
21:02 Loom
21:29 Husbandry
25:35 Wheelbarrow
26:40 Bow Saw
26:41 Heavy Plow
28:29 Chain Barding Armor
32:07 Imperial Age
30:38 Gold Mining
31:06 Fletching
32:11 Gold Shaft Mining
32:23 Hand Cart
33:28 Chemistry
32:45 Padded Archer Armor
33:18 Stone Mining
35:13 Stone Shaft Mining
34:30 Town Watch
35:03 Leather Archer Armor
34:44 Bodkin Arrow
36:52 Two-Man Saw
37:04 Ring Archer Armor
36:58 Thumb Ring
37:11 Pikeman
37:27 Heavy Camel Rider
39:03 Plate Barding Armor
39:03 Iron Casting
39:43 Conscription
40:02 Thumb Ring
40:11 Town Patrol
42:40 Citadels
48:45 Hoardings
55:32 Kamandaran
55:39 Crossbowman
63:15 Ballistics
EvenEdge
9:21 Feudal Age
13:56 Castle Age
12:22 Double-Bit Axe
13:31 Horse Collar
14:47 Heavy Plow
20:34 Gold Mining
21:01 Bow Saw
21:43 Wheelbarrow
22:51 Gold Shaft Mining
27:36 Imperial Age
25:24 Loom
26:11 Forging
26:07 Scale Barding Armor
27:39 Iron Casting
28:25 Husbandry
28:36 Bloodlines
30:54 Blast Furnace
31:43 Chain Barding Armor
32:15 Tusk Swords
39:58 Elite Battle Elephant
41:19 Plate Barding Armor
41:06 Conscription
44:06 Double Crossbow
44:58 Siege Engineers
45:54 Chemistry
46:02 Hand Cart
47:55 Heavy Scorpion
61:11 Light Cavalry
65:02 Hussar
76:06 Elite Ballista Elephant
Descomponido
6:26 Loom
9:32 Feudal Age
12:01 Double-Bit Axe
12:06 Horse Collar
15:34 Castle Age
13:53 Horse Collar
15:30 Stone Mining
16:39 Bow Saw
17:10 Gold Mining
21:11 Heavy Plow
23:37 Gold Shaft Mining
24:34 Wheelbarrow
29:11 Imperial Age
28:17 Hand Cart
28:51 Forging
28:46 Scale Barding Armor
28:32 Fletching
28:43 Scale Mail Armor
29:51 Ballistics
30:04 Bloodlines
29:54 Husbandry
31:29 Chemistry
30:53 Chain Barding Armor
31:58 Iron Casting
32:22 Heavy Camel Rider
34:00 Conscription
34:59 Blast Furnace
34:34 Plate Barding Armor
33:56 Bodkin Arrow
34:06 Imperial Camel Rider
35:42 Light Cavalry
36:37 Shatagni
52:11 Elite Skirmisher
52:57 Thumb Ring
58:54 Elite Ghulam
65:40 Hussar
72:21 Grand Trunk Road
77:27 Two-Man Saw
LORDEMENTE
11:00 Feudal Age
12:42 Man-at-Arms
25:11 Forging
25:05 Scale Mail Armor
31:40 Castle Age
31:35 Double-Bit Axe
31:35 Horse Collar
32:18 Pikeman
35:03 Squires
38:26 Iron Casting
38:47 Wheelbarrow
49:33 Long Swordsman
50:42 Scale Barding Armor
50:50 Bloodlines
54:34 Elite Skirmisher
55:15 Gold Mining
55:24 Fletching
55:35 Padded Archer Armor
59:46 Imperial Age
57:57 Bodkin Arrow
58:17 Leather Archer Armor
63:47 Chemistry
63:08 Ballistics
63:27 Ring Archer Armor
65:55 Chain Barding Armor
65:51 Chain Mail Armor
66:37 Blast Furnace
73:02 Light Cavalry
Wius
10:46 Feudal Age
11:31 Double-Bit Axe
15:18 Castle Age
13:35 Double-Bit Axe
13:46 Gold Mining
16:24 Loom
16:43 Husbandry
19:53 Forging
24:34 Bow Saw
26:25 Wheelbarrow
28:10 Scale Barding Armor
29:31 Stone Mining
30:01 Hand Cart
33:24 Imperial Age
33:08 Iron Casting
32:55 Chain Barding Armor
33:28 Cavalier
35:10 Blast Furnace
36:51 Plate Barding Armor
36:19 Paladin
37:06 Murder Holes
39:15 Fletching
39:26 Padded Archer Armor
38:51 Elite Skirmisher
41:02 Ballistics
43:04 Conscription
43:16 Bodkin Arrow
43:36 Leather Archer Armor
44:24 Chemistry
46:46 Siege Engineers
46:52 Masonry
46:23 Treadmill Crane
46:57 Masonry
46:32 Light Cavalry
64:31 Architecture
63:47 Arrowslits
74:30 Chivalry
75:11 Hoardings
Connection lost

Rejoining the realm…

Still unreachable

The connection could not be restored.

Session expired

The server has moved on; the page needs a fresh start.